 Dungeon Crawl Stone Soup version 0.25.0-9-g26727b657a (console) character file.

Game seed: 8756175007999489774

522 Kagalorn the Magician (level 7, -18/50 HPs)
             Began as a Gnoll Wizard on June 18, 2020.
             Demolished by Duvessa
             ... wielding a +2 short sword of electrocution
              (20 damage)
             ... on level 4 of the Dungeon.
             The game lasted 00:08:35 (3872 turns).

Kagalorn the Magician (Gnoll Wizard)                Turns: 3872, Time: 00:08:36

Health: -18/50     AC:  6    Str:  9    XL:     7   Next: 22%
Magic:  2/18       EV: 15    Int: 22    God:
Gold:   167        SH:  0    Dex: 14    Spells: 12/21 levels left

rFire    . . .     SeeInvis .   a - +2 dagger (elec)
rCold    . . .     Gourm    .   (no shield)
rNeg     . . .     Faith    .   y - +0 robe
rPois    .         Spirit   .   b - +0 hat
rElec    .         Reflect  .   s - +1 cloak
rCorr    .         Harm     .   c - +1 pair of gloves
MR       .....                  (no boots)
Stlth    +++.......             (no amulet)
HPRegen  0.16/turn              (no ring)
MPRegen  0.16/turn              (no ring)

@: about to teleport, very slightly contaminated
A: distributed training, fangs 1, strong nose
a: no special abilities


You were on level 4 of the Dungeon.
You were not hungry.

You visited 1 branch of the dungeon, and saw 4 of its levels.

You collected 167 gold pieces.

Inventory:

Hand Weapons
 a - a +2 dagger of electrocution (weapon)
 r - a +3 quarterstaff of chaos
Missiles
 f - 115 stones (quivered)
 v - 48 bolts
 w - a throwing net
Armour
 b - a +0 hat (worn)
 c - a +1 pair of gloves (worn)
 s - a +1 cloak (worn)
 y - a +0 robe (worn)
 z - a +0 kite shield
Scrolls
 e - 2 scrolls of remove curse {unknown}
 h - 2 scrolls of amnesia {unknown}
 i - 2 scrolls of identify {unknown}
 j - a scroll of immolation {unknown}
 l - 2 scrolls of teleportation
 m - 3 scrolls of blinking {unknown}
 p - a scroll of fog {unknown}
 u - a scroll of enchant weapon {unknown}
Potions
 g - a potion of degeneration {unknown}
 k - a potion of berserk rage {unknown}
 n - a potion of invisibility {unknown}
 o - 2 potions of stabbing {unknown}
 q - a potion of brilliance {unknown}
 t - 2 potions of curing {unknown}
 x - a potion of lignification {unknown}
Comestibles
 d - 8 rations


   Skills:
 + Level 2.3 Fighting
 + Level 2.3 Short Blades
 + Level 2.3 Long Blades
 + Level 2.3 Axes
 + Level 2.3 Maces & Flails
 + Level 2.3 Polearms
 + Level 2.3 Staves
 + Level 2.3 Slings
 + Level 2.3 Bows
 + Level 2.3 Crossbows
 + Level 2.3 Throwing
 + Level 2.3 Armour
 + Level 5.1 Dodging
 + Level 4.8 Stealth
 + Level 2.3 Shields
 + Level 2.3 Unarmed Combat
 + Level 7.5 Spellcasting
 + Level 2.8 Conjurations
 + Level 1.8 Hexes
 + Level 1.8 Charms
 + Level 2.8 Summonings
 + Level 1.8 Necromancy
 + Level 2.8 Translocations
 + Level 1.8 Transmutations
 + Level 1.8 Fire Magic
 + Level 1.8 Ice Magic
 + Level 1.8 Air Magic
 + Level 1.8 Earth Magic
 + Level 1.8 Poison Magic
 + Level 2.5 Invocations
 + Level 2.3 Evocations


You had 12 spell levels left.
You knew the following spells:

 Your Spells              Type           Power        Failure   Level  Hunger
a - Magic Dart            Conj           ###.         2%          1    None
c - Conjure Flame         Conj/Fire      ###.....     9%          3    None
e - Mephitic Cloud        Conj/Pois/Air  ###.....     10%         3    None
g - Blink                 Tloc           N/A          3%          2    None

Your spell library contained the following spells:

 Spells                   Type           Power        Failure   Level  Hunger
 Call Imp                 Summ           ###.....     3%          2    None
 Slow                     Hex            ###.....     5%          2    None


Dungeon Overview and Level Annotations

Branches:
Dungeon (4/15)
 Temple: D:4-7

Altars:

Annotations:
D:3 2 transporters, Infinimo's ghost, amateur DEEE
D:4 Duvessa


Innate Abilities, Weirdness & Mutations

Your experience applies equally to all skills.
You have very sharp teeth.
Your uncanny sense of smell can sniff out nearby items.


Message History

Casting: Blink (safe; 3% risk of failure)
Confirm with . or Enter, or press ? or * to list all spells.
You miscast Blink.
You are very lightly contaminated with residual magic.
Nothing appears to happen.
The iguana bites you.
Casting: Blink (safe; 3% risk of failure)
Confirm with . or Enter, or press ? or * to list all spells.
You don't have enough magic to cast that spell.
You aren't carrying any items that you can evoke.
As you read the scroll labeled KUEHYH BYDIOMO, it crumbles to dust.
You feel strangely unstable.
It was a scroll of teleportation.
Duvessa closely misses you. The iguana bites you.
Duvessa hits you with a +2 short sword of electrocution!
* * * LOW HITPOINT WARNING * * *
Duvessa closely misses you.
Duvessa rages.
Duvessa hits you with a +2 short sword of electrocution!
* * * LOW HITPOINT WARNING * * *
You are electrocuted!!
You die...

#.######.# #....
#.############ #..#.
######............. #..#.
#..............######..#.
#.##########.#...........
#ยง# #...######.##. # #.#
##.#####...... #.#<#
#########............
#.#.###..e@.....#####.....>
#........l#####.# #......
###.###.#.### #.# #.[....
#.# #.....# #.# ###..#.
#.###.....###.# ...#.
#.............# .##
####......###.# .# #......#
#.# ##.#.### #.#


You could see Duvessa (berserk) and an iguana.

Vanquished Creatures
  Sigmund (D:2)
  Blork the orc (D:4)
  Dowan (D:4)
  Crazy Yiuf (D:2)
  A centaur skeleton (D:3)
  Jessica (D:3)
  A howler monkey zombie (D:3)
  5 gnolls
  2 adders (D:2)
  2 oozes
  An adder skeleton (D:4)
  2 worms
  A leopard gecko (D:1)
  An orc (D:4)
  3 ball pythons
  7 bats
  4 giant cockroaches
  5 goblins
  6 hobgoblins
  11 jackals
  4 frilled lizards (D:1)
  8 kobolds
  6 rats
  A fungus (D:2)
76 creatures vanquished.

Notes
Turn   | Place    | Note
-------+----------+-------------------------------------------
     0 | D:1      | Kagalorn the Gnoll Wizard began the quest for the Orb.
     0 | D:1      | Reached XP level 1. HP: 13/13 MP: 8/8
    88 | D:1      | Reached XP level 2. HP: 10/19 MP: 6/10
   621 | D:1      | Reached XP level 3. HP: 25/25 MP: 7/11
  1146 | D:2      | Learned a level 2 spell: Blink
  1150 | D:2      | Learned a level 3 spell: Conjure Flame
  1154 | D:2      | Learned a level 3 spell: Mephitic Cloud
  1175 | D:2      | Reached skill level 1 in Invocations
  1570 | D:2      | Reached skill level 1 in Fighting
  1570 | D:2      | Reached skill level 1 in Short Blades
  1570 | D:2      | Reached skill level 1 in Long Blades
  1570 | D:2      | Reached skill level 1 in Axes
  1570 | D:2      | Reached skill level 1 in Maces & Flails
  1570 | D:2      | Reached skill level 1 in Polearms
  1570 | D:2      | Reached skill level 1 in Staves
  1570 | D:2      | Reached skill level 1 in Slings
  1570 | D:2      | Reached skill level 1 in Bows
  1570 | D:2      | Reached skill level 1 in Crossbows
  1570 | D:2      | Reached skill level 1 in Throwing
  1570 | D:2      | Reached skill level 1 in Armour
  1570 | D:2      | Reached skill level 1 in Shields
  1570 | D:2      | Reached skill level 1 in Unarmed Combat
  1570 | D:2      | Reached skill level 1 in Evocations
  1691 | D:2      | Noticed Sigmund
  1777 | D:3      | Reached XP level 4. HP: 17/32 MP: 7/13
  2341 | D:2      | Reached skill level 1 in Hexes
  2341 | D:2      | Reached skill level 1 in Charms
  2341 | D:2      | Reached skill level 1 in Necromancy
  2341 | D:2      | Reached skill level 1 in Transmutations
  2341 | D:2      | Reached skill level 1 in Fire Magic
  2341 | D:2      | Reached skill level 1 in Ice Magic
  2341 | D:2      | Reached skill level 1 in Air Magic
  2341 | D:2      | Reached skill level 1 in Earth Magic
  2341 | D:2      | Reached skill level 1 in Poison Magic
  2464 | D:2      | Found a runed translucent door.
  2465 | D:2      | Noticed Crazy Yiuf
  2475 | D:2      | Killed Crazy Yiuf
  2475 | D:2      | Reached XP level 5. HP: 24/37 MP: 10/14
  2611 | D:2      | Killed Sigmund
  2611 | D:2      | Reached XP level 6. HP: 44/44 MP: 12/16
  2806 | D:3      | Found a transporter.
  2958 | D:3      | Reached skill level 5 in Dodging
  3097 | D:3      | Found a transporter.
  3099 | D:3      | Noticed Infinimo's ghost (amateur DEEE)
  3114 | D:3      | Noticed Jessica
  3152 | D:3      | Killed Jessica
  3543 | D:4      | Noticed Blork the orc
  3549 | D:4      | Noticed Dowan
  3555 | D:4      | Killed Blork the orc
  3555 | D:4      | Reached XP level 7. HP: 38/50 MP: 5/18
  3560 | D:4      | Killed Dowan
  3864 | D:4      | Noticed Duvessa
  3872 | D:4      | HP: 2/50 [Duvessa/+2 short sword of electrocution (7)]
  3872 | D:4      | Demolished by Duvessa

Illustrated notes

Levels and vault maps discovered:
D:1:      roderic_dead_forest, layout_loops_cross
D:2:      layout_loops_cross, minmay_diced_spiral, uniq_sigmund,
          uniq_crazy_yiuf_cottage
D:3:      layout_rooms, gammafunk_ghost_arena, first_ration, uniq_jessica
D:4:      layout_loops_ring, uniq_blork_the_orc, uniq_duvessa, uniq_grinder

Skill      XL: |  1  2  3  4  5  6 |
---------------+-------------------+-----
Conjurations   | 2 |  2.8
Summonings     | 2 |  2.8
Translocations | 2 |  2.8
Invocations    | 1 2 |  2.5
Fighting       | 1 2 |  2.3
Short Blades   | 1 2 |  2.3
Long Blades    | 1 2 |  2.3
Axes           | 1 2 |  2.3
Maces & Flails | 1 2 |  2.3
Polearms       | 1 2 |  2.3
Staves         | 1 2 |  2.3
Slings         | 1 2 |  2.3
Bows           | 1 2 |  2.3
Crossbows      | 1 2 |  2.3
Throwing       | 1 2 |  2.3
Armour         | 1 2 |  2.3
Shields        | 1 2 |  2.3
Unarmed Combat | 1 2 |  2.3
Evocations     | 1 2 |  2.3
Hexes          | 1 |  1.8
Charms         | 1 |  1.8
Necromancy     | 1 |  1.8
Transmutations | 1 |  1.8
Fire Magic     | 1 |  1.8
Ice Magic      | 1 |  1.8
Air Magic      | 1 |  1.8
Earth Magic    | 1 |  1.8
Poison Magic   | 1 |  1.8
Dodging        | 5 |  5.1
Stealth        | |  4.8
Spellcasting   | |  7.5

Action                   |  1- 3 |  4- 6 |  7- 9 || total
-------------------------+-------+-------+-------++-------
Melee: Dagger            |    82 |   116 |    12 ||   210
       Unarmed           |     4 |       |       ||     4
       Bite              |     6 |    11 |     3 ||    20
 Cast: Magic Dart        |    65 |    67 |    14 ||   146
       Mephitic Cloud    |       |     4 |       ||     4
       Blink             |       |     3 |     6 ||     9
       Conjure Flame     |       |     1 |     1 ||     2
  Use: Scroll            |       |       |     1 ||     1
 Stab: Sleeping          |     5 |     1 |       ||     6
       Confused          |       |     2 |     1 ||     3
  Eat: Chunk             |     2 |     4 |       ||     6
       Ration            |       |     1 |       ||     1
Armor: Robe              |    22 |    12 |     1 ||    35
Dodge: Dodged            |    94 |    57 |    20 ||   171
